 Adventure DCSS version bcrawl-1.19-7-g22fd707d3b (webtiles) character file.

Game seed: 17541014254940011123

909 Leeroy the Carver (level 7, 0/41 HPs)
             Began as a Skeleton Reaver on Nov 16, 2019.
             Was a Priest of Vehumet.
             Slain by a sky beast (3 damage)
             ... on level 4 of the Dungeon.
             The game lasted 00:18:40 (7591 turns).

Leeroy the Carver (Skeleton Reaver)                 Turns: 7591, Time: 00:18:40

Health: 0/41       AC:  4    Str: 19      XL:     7   Next: 81%
Magic:  0/11       EV: 12    Int:  8 (9)  God:    Vehumet [***...]
Gold:   356        SH:  5    Dex:  7 (8)  Spells: 7/12 levels left
                                        Lives:  0   Deaths: 2

rFire    . . .     SeeInvis .   a - +0 long sword
rCold    + + .     Gourm    .   p - +0 buckler
rNeg     + + +     Faith    .   v - +0 leather armour "Micariutz" {rC+ Int-4 Slay+5}
rPois    ∞         Spirit   +   y - +0 helmet
rElec    .         Reflect  .   (no cloak)
rCorr    .         Harm     .   (no gloves)
MR       +....                  (no boots)
Stlth    +++.......             (no amulet)
HPRegen  0.13/turn              (no ring)
MPRegen  0.12/turn              (no ring)

@: no status effects
A: no food or potions, cold resistance 1, deterioration 1, negative energy
resistance 3, powered by death 1, torment resistance, unbreathing, magic shield,
sturdy frame 1, spell healing
a: Renounce Religion


You were on level 4 of the Dungeon.
You worshipped Vehumet.
Vehumet was most pleased with you.
You were not hungry.

You visited 1 branch of the dungeon, and saw 8 of its levels.
You also visited: Sewer.

You collected 356 gold pieces.

Inventory:

Hand Weapons
 a - a +0 long sword (weapon)
 i - a +3 dagger
 k - a cursed -1 dagger
 t - a +0 whip
 z - a +0 whip of electrocution
 A - a +0 great sword
Missiles
 f - 187 poisoned needles
 u - 211 stones (quivered)
Armour
 b - +0 steam dragon scales
 e - a +2 scale mail of positive energy
 p - a +0 buckler (worn)
 s - a scarf of stasis
 v - the +0 leather armour "Micariutz" (worn) {rC+ Int-4 Slay+5}
   (You found it on level 5 of the Dungeon)

   It affects your intelligence (-4).
   It affects your accuracy and damage with ranged weapons and melee attacks
   (+5).
   It protects you from cold.
 y - a +0 helmet (worn)
Magical Staves
 r - an uncursed staff of earth
Jewellery
 q - a +4 ring of intelligence {unknown}
 B - an uncursed amulet of faith
Wands
 n - a wand of random effects (13)
 w - a wand of polymorph (13)
Scrolls
 c - 3 scrolls of immolation
 d - 5 scrolls of remove curse
 g - 3 scrolls of teleportation
 h - 5 scrolls of blinking {unknown}
 j - 3 scrolls of identify
 l - 3 scrolls of enchant weapon {unknown}
 m - 2 scrolls of amnesia {unknown}
 o - a scroll of magic mapping {unknown}
 x - a scroll of enchant armour {unknown}


   Skills:
 - Level 3.0 Fighting
 + Level 11.2 Long Blades
 - Level 3.0 Dodging
 - Level 6.3 Stealth
 - Level 4.0 Shields
 - Level 3.0 Spellcasting


You had 7 spell levels left.
You knew the following spells:

 Your Spells              Type           Power        Failure   Level  Hunger
a - Shock                 Conj/Air       #....        9%          1    N/A
b - Sandblast             Erth           #.....       9%          1    N/A
c - Iskenderun's Mystic   Conj           #.......     26%         3    N/A

Your spell library contained the following spells:

 Spells                   Type           Power        Failure   Level  Hunger
 Iskenderun's Battlesphe  Conj/Chrm      #.......     90%         5    N/A

Dungeon Overview and Level Annotations

Branches:
Dungeon (8/12)             Temple (0/1) D:7            Lair (0/6) D:7
    Orc: D:8-11

Altars:
Fedhas
Ru
Sif Muna
Wu Jian

Annotations:
D:3 Eustachio
D:8 Pikel


Innate Abilities, Weirdness & Mutations

You do not eat or drink.
You are immune to poison.
Your flesh is cold resistant. (rC+)
Your body sometimes deteriorates upon taking damage.
You are immune to negative energy. (rN+++)
You regenerate a little health from kills.
You are immune to unholy pain and torment.
You can survive without breathing.
When hurt, damage is shared between your health and your magic reserves.
Your movements are slightly less encumbered by armour. (ER -2)
Casting spells heals you.


Message History

You barely miss something. Something barely misses you.
You hit something.
A sky beast appears from thin air!
Reactivating autopickup.
The sky beast barely misses you.
You slash the sky beast!
The sky beast is severely wounded.
The sky beast flickers out of sight!
Deactivating autopickup; reactivate with Ctrl-A.
Something hits you. Something shocks you.
You barely miss something. You completely miss something. Something hits you.
Something shocks you.
* * * LOW HITPOINT WARNING * * *
You miss something. Something hits you.
* * * LOW HITPOINT WARNING * * *
Something shocks you.
* * * LOW HITPOINT WARNING * * *
You closely miss something.
A sky beast appears from thin air!
Reactivating autopickup.
The sky beast hits you.
You die...

.. ..#.# . .. #.#.##
#. .##..<.#### ...
......#..# ....
##........# .....
##.........##
##....###...........#
#%.......Y@..<.## #
#...###.#..#....# .#
. ###..##..## ...
##.....##..## ####
#.....[...... #...
#..........O
.?...##...........
.......#............
.................#..


You could see a sky beast.

Vanquished Creatures
  A wyvern (D:7)
  Menkaure (D:5)
  A sky beast (D:5)
  An ice beast (D:5)
  3 ogres
  A phantom (D:6)
  A necrophage (D:3)
  A centaur (D:5)
  2 big kobolds
  2 scorpions (D:6)
  A crimson imp (D:5)
  A jelly (D:6)
  2 orc wizards (D:7)
  An orc priest (D:7)
  A centaur skeleton (D:6)
  2 iguanas
  A worker ant (D:5)
  5 adders
  4 gnolls (D:3)
  A howler monkey skeleton (D:6)
  2 river rats
  A shadow imp (D:5)
  3 oozes
  An adder zombie (D:5)
  6 worms
  4 dart slugs
  6 leopard geckos
  4 orcs
  5 bats
  4 giant cockroaches
  2 goblins
  10 hobgoblins
  2 jackals
  5 quokkas
  A ball python (D:1)
  4 frilled lizards
  A jackal skeleton (D:6)
  14 kobolds
  A quokka skeleton (D:5)
  11 rats
120 creatures vanquished.

Vanquished Creatures (others)
  An orc (D:8)
  A plant (D:8)
2 creatures vanquished.

Grand Total: 122 creatures vanquished

Notes
Turn   | Place    | Note
-------+----------+-------------------------------------------
     0 | D:1      | Leeroy the Skeleton Reaver began the quest for the Orb.
     0 | D:1      | Reached XP level 1. HP: 14/14 MP: 4/4
    98 | D:1      | Reached skill level 4 in Long Blades
   234 | D:1      | Reached XP level 2. HP: 19/19 MP: 6/6
   466 | D:1      | Reached * piety under Vehumet
   466 | D:1      | Offered knowledge of Shock by Vehumet.
   469 | D:1      | Learned a level 1 spell: Shock
   887 | D:2      | Reached skill level 5 in Long Blades
   897 | D:2      | Reached XP level 3. HP: 21/23 MP: 7/7
  1309 | D:2      | Found an ornate altar of the Wu Jian Council.
  1546 | D:2      | Found a shimmering blue altar of Sif Muna.
  1743 | D:2      | Reached XP level 4. HP: 26/28 MP: 8/8
  1873 | D:3      | Reached skill level 6 in Long Blades
  1951 | D:3      | Reached skill level 1 in Stealth
  2027 | D:3      | Reached skill level 1 in Shields
  2100 | D:3      | Noticed a necrophage
  2162 | D:4      | Noticed Eustachio
  2175 | D:3      | Killed a necrophage
  2175 | D:3      | Reached XP level 5. HP: 2/32 MP: 0/9
  2343 | D:3      | Noticed a sky beast
  2695 | D:3      | Offered knowledge of Sandblast by Vehumet.
  2698 | D:3      | Learned a level 1 spell: Sandblast
  2718 | D:3      | Reached ** piety under Vehumet
  3030 | D:3      | Found a faded altar of an unknown god.
  3100 | D:4      | HP: 1/32 [something (2)]
  3103 | D:4      | Noticed an ogre
  3423 | D:4      | Noticed an ogre
  3431 | D:5      | Entered Level 5 of the Dungeon
  3431 | D:5      | Noticed Menkaure
  3443 | D:5      | Killed Menkaure
  3443 | D:5      | Reached skill level 7 in Long Blades
  3443 | D:5      | Gained mutation: You regenerate a little health from kills.
                  | [Skeleton growth]
  3443 | D:5      | Reached XP level 6. HP: 21/37 MP: 6/10
  3565 | D:5      | Noticed an ice beast
  3586 | D:5      | Slain by an ice beast
  3587 | D:5      | Reached XP level 5. HP: 0/32 MP: 0/9
  3924 | D:5      | Got a sapphire-encrusted leather armour
  3937 | D:5      | Identified the cursed +0 leather armour "Micariutz" {rC+
                  | Int-4 Slay+5} (You found it on level 5 of the Dungeon)
  3958 | D:5      | Noticed a sky beast
  3976 | D:5      | Killed a sky beast
  3976 | D:5      | Reached skill level 8 in Long Blades
  3976 | D:5      | Reached XP level 6. HP: 17/37 MP: 4/10
  4417 | D:5      | Reached skill level 9 in Long Blades
  4417 | D:5      | Reached XP level 7. HP: 6/41 MP: 2/11
  5095 | D:6      | Found a blossoming altar of Fedhas.
  5368 | D:6      | Reached skill level 5 in Stealth
  5401 | D:6      | Found a glowing drain.
  5410 | Sewer    | Entered a sewer
  5430 | Sewer    | Offered knowledge of Iskenderun's Mystic Blast by Vehumet.
  5435 | Sewer    | Learned a level 3 spell: Iskenderun's Mystic Blast
  5530 | Sewer    | Found a white marble altar of Elyvilon.
  5696 | D:7      | Found a staircase to the Ecumenical Temple.
  5782 | D:7      | Noticed a death yak
  5857 | D:6      | Found a sacrificial altar of Ru.
  5913 | D:6      | Reached *** piety under Vehumet
  5921 | D:6      | Reached XP level 8. HP: 46/46 MP: 12/12
  6136 | D:6      | Reached skill level 10 in Long Blades
  6493 | D:7      | Found a staircase to the Lair.
  6514 | D:8      | Noticed a two-headed ogre
  6529 | D:8      | Noticed Pikel
  6529 | D:8      | Noticed a two-headed ogre
  6537 | D:8      | HP: 1/46 [wyvern (9)]
  6539 | D:8      | Slain by a wyvern
  6540 | D:8      | Reached XP level 7. HP: -5/41 MP: 0/11
  6553 | D:7      | Killed a wyvern
  7095 | D:7      | Reached skill level 11 in Long Blades
  7591 | D:4      | Slain by a sky beast

Skill      XL: |  1  2  3  4  5  6  7  8 |
---------------+-------------------------+-----
Long Blades    | 4 5 6 8 9 11 10 | 11.2
Stealth        | 2 3 6 |  6.3
Shields        | 2 4 |  4.0
Fighting       | |  3.0
Dodging        | |  3.0
Spellcasting   | |  3.0

Action                   |  1- 3 |  4- 6 |  7- 9 || total
-------------------------+-------+-------+-------++-------
Melee: Long sword        |   176 |   154 |   181 ||   511
       Staff             |       |     2 |       ||     2
       Dagger            |       |     2 |    11 ||    13
 Cast: Shock             |       |    18 |       ||    18
       Sandblast         |       |    13 |     1 ||    14
  Use: Scroll            |       |     3 |     1 ||     4
 Stab: Sleeping          |       |     1 |     7 ||     8
Armor: Steam dragon scal |    57 |    43 |       ||   100
       Leather armour    |       |     3 |    25 ||    28
Dodge: Dodged            |   109 |    97 |    72 ||   278
Block: Other             |     1 |       |       ||     1
       Buckler           |       |    17 |    38 ||    55
